cohdb
Replays
Latest Replays
All Replays
Popular Replays
Top Player Replays
Match Explorer
How It Works
Community
CoH3 Stats
Reddit
Sign in to upload your games and track your stats! →
Sign in with Steam
Match 36560347
Unlisted
Match 36560347
Overview
Messages
Build Orders
End
Selects Indian Artillery Battlegroup
Construct Section Command Post
Infantry Section
Infantry Section
Infantry Section
Royal Engineer Section
Selects Towed ML 4.2-inch Heavy Mortar
Construct Platoon Command Post
Towed ML 4.2-inch Heavy Mortar
Construct Platoon Command Post
Infantry Training
ajmonsterman
mi prima de Cifuentes
Braz
Okatarinetabellaczikcziks
Atomic Floyd
Microsoft Outlook
deadsadbadmad
Alessandro-9891
0
0
Comments
sign in to comment!
No comments posted yet!